 Dungeon Crawl Stone Soup version 0.25.0-11-g1f837a76a1 (webtiles) character file.

Game seed: 997710473593292373

3546 Baz the Poker (level 9, -6/69 HPs)
             Began as a Mummy Skald on June 24, 2020.
             Was a Believer of Yredelemnul.
             Mangled by an orc warrior
             ... wielding a +0 halberd
              (25 damage)
             ... in a bailey.
             The game lasted 00:36:28 (19922 turns).

Baz the Poker (Mummy Skald)                        Turns: 19922, Time: 00:36:29

Health: -6/69      AC:  7    Str: 17    XL:     9   Next: 83%
Magic:  7/13       EV: 13    Int: 13    God:    Yredelemnul [**....]
Gold:   373        SH:  0    Dex: 11    Spells: 6/14 levels left

rFire    x . .     SeeInvis .   o - +0 trident
rCold    + . .     Gourm    .   (no shield)
rNeg     + + +     Faith    .   q - +0 ring mail
rPois    ∞         Spirit   .   h - +0 helmet
rElec    .         Reflect  .   n - scarf {+Inv}
rCorr    .         Harm     .   (no gloves)
MR       ++...                  (no boots)
Stlth    +.........             (no amulet)
HPRegen  0.21/turn              s - ring of protection from magic
MPRegen  0.13/turn              (no ring)

@: very slightly contaminated
A: no food or potions, fire vulnerability, cold resistance 1, negative energy
resistance 3, torment resistance, unbreathing
a: Animate Remains, Recall Undead Slaves, Injury Mirror, Renounce Religion,
Evoke Invisibility


You were in a bailey.
You worshipped Yredelemnul.
Yredelemnul was pleased with you.
You were not hungry.

You visited 1 branch of the dungeon, and saw 9 of its levels.
You also visited: Bailey.

You collected 373 gold pieces.

Inventory:

Hand Weapons
 a - a +0 spear
 l - a +0 glaive
 o - a +0 trident (weapon)
 t - a +0 halberd
Missiles
 g - 18 poisoned darts (quivered)
Armour
 b - a +0 leather armour
 h - a +0 helmet (worn)
 n - a scarf of invisibility (worn)
 q - a +0 ring mail (worn)
Jewellery
 e - an uncursed ring of ice
 r - an uncursed ring of poison resistance
 s - a ring of protection from magic (left hand)
Scrolls
 c - 2 scrolls of enchant armour
 d - 4 scrolls of enchant weapon
 f - 4 scrolls of teleportation
 i - 7 scrolls of amnesia
 j - a scroll of magic mapping
 k - 2 scrolls of immolation {unknown}
 m - 3 scrolls of remove curse
 p - a scroll of identify
 u - a scroll of noise {unknown}
Miscellaneous
 v - a phial of floods (inert)


   Skills:
 + Level 5.8 Fighting
 * Level 6.8 Polearms
 + Level 4.5 Armour
 + Level 5.0 Dodging
 - Level 3.1 Spellcasting
 - Level 4.0 Hexes
 - Level 4.2 Charms
 + Level 0.4 Invocations


You had 6 spell levels left.
You knew the following spells:

 Your Spells              Type           Power        Failure   Level  Hunger
a - Infusion              Chrm           ##..         7%          1    N/A
b - Song of Slaying       Chrm           ##......     11%         2    N/A
c - Spectral Weapon       Hex/Chrm       ##......     22%         3    N/A
d - Shroud of Golubria    Chrm/Tloc      #.....       26%         2    N/A

Your spell library contained the following spells:

 Spells                   Type           Power        Failure   Level  Hunger
 Ozocubu's Armour         Chrm/Ice       #.......     45%         3    N/A

Dungeon Overview and Level Annotations

Branches:
Dungeon (9/15)             Temple (0/1) D:4          Bailey (1/1)
   Lair: D:8-11         Orc: D:9-12

Altars:
Dithmenos
Fedhas
Hepliaklqana
Kikubaaqudgha
Ru
Uskayaw
Xom
Yredelemnul

Shops:
D:6 %

Annotations:
D:7 3 runed translucent doors, r0y's ghost, novice HOFi; triki's ghost, novice CeAM
D:8 Maggie


Innate Abilities, Weirdness & Mutations

You do not eat or drink.
Your flesh is vulnerable to fire.
You are immune to poison.
Your flesh is cold resistant. (rC+)
You are immune to negative energy. (rN+++)
You are immune to unholy pain and torment.
You can survive without breathing.


Message History

The orc warrior hits you from afar with a +0 trident!
Attack whom?
Press: ? - help, Dir - move target cursor, f/p - orc warrior
Aim: an orc warrior, wielding a +0 trident and wearing a +0 ring mail (severely wounded, waterlogged)
You reach to attack!
You miss the orc warrior.
The orc warrior is severely wounded.
Your spectral weapon misses the orc warrior.
The orc warrior hits you from afar with a +0 halberd!
* * * LOW HITPOINT WARNING * * *
The orc warrior barely misses you.
Attack whom?
Press: ? - help, Dir - move target cursor, f/p - orc warrior
Aim: an orc warrior, wielding a +0 trident and wearing a +0 ring mail (severely wounded, waterlogged)
You reach to attack!
You puncture the orc warrior!
The orc warrior is almost dead.
The orc warrior is no longer waterlogged.
Your spectral weapon misses the orc warrior.
The orc warrior hits you from afar with a +0 halberd!!
You die...
Yredelemnul claims you as an undead slave.

...##...[...##...............#
..##..#)#'#..##..............#
..#..##)#.##..#..............#
.##.#########o##.............#
.##.')# #.'.##.............#
.##.### ###.##.......(((...#
.##.'.# #.'.##........(....#
.##.### ###.##........(.(((#
.##.o# ..#.@.........(..#
)(.).# .##......).......#
.....# .##oo(............#
.(...# ##..).≈≈≈≈≈.......#
≈(...#######....≈≈#.#≈≈......#
≈(.....o........≈#∩.##≈((....#
≈(.....(........≈..^.)≈...)..#
≈.........(.....≈##.##≈......#
≈.....(.........≈≈#.#≈≈......#


You could see 2 orc warriors and a friendly spectral +0 trident.

Vanquished Creatures
  A hippogriff (D:7)
  Sigmund (D:4)
  An ice beast (D:7)
  5 orc warriors (Bailey)
  Duvessa (D:4)
  5 ogres
  3 necrophages
  3 centaurs
  2 bullfrogs (D:7)
  A gnoll sergeant (D:7)
  A water moccasin zombie (D:5)
  Dowan (D:4)
  2 scorpions
  A centaur zombie (D:5)
  A howler monkey (D:6)
  A crimson imp (D:5)
  A bullfrog zombie (D:5)
  3 jellies
  5 hounds
  4 orc priests
  A bullfrog skeleton (D:8)
  3 orc wizards
  A worker ant (D:7)
  A hound zombie (D:6)
  A hound skeleton (D:8)
  4 adders
  2 gnolls (D:7)
  2 shadow imps
  An adder skeleton (D:4)
  4 worms
  2 dart slugs
  5 leopard geckos
  33 orcs
  3 ball pythons
  10 bats
  5 giant cockroaches
  8 goblins
  7 hobgoblins
  5 jackals
  12 kobolds
  4 quokkas
  4 frilled lizards
  A jackal skeleton (D:6)
  A quokka skeleton (D:5)
  A quokka zombie (D:8)
  5 rats
169 creatures vanquished.

Vanquished Creatures (collateral kills)
  An ice beast (D:7)
  A sky beast (D:6)
  2 ogres
  A centaur skeleton (D:4)
  2 hounds (D:7)
  A bullfrog skeleton (D:7)
  An orc wizard (D:6)
  2 worker ants
  4 gnolls
  6 orcs
  A giant cockroach (D:8)
  2 goblins (D:9)
  A quokka (D:7)
  A jackal skeleton (D:8)
26 creatures vanquished.

Vanquished Creatures (others)
  A centaur zombie (D:5)
  An ogre zombie (D:8)
  A hound zombie (D:9)
  8 orc zombies
  A spectral weapon (D:5)
  A withered plant (D:7)
13 creatures vanquished.

Grand Total: 208 creatures vanquished

Notes
Turn   | Place    | Note
-------+----------+-------------------------------------------
     0 | D:1      | Baz the Mummy Skald began the quest for the Orb.
     0 | D:1      | Reached XP level 1. HP: 16/16 MP: 4/4
   104 | D:1      | Reached skill level 1 in Armour
   110 | D:1      | Reached XP level 2. HP: 21/22 MP: 1/5
   392 | D:1      | Reached skill level 2 in Polearms
   991 | D:2      | Found a basalt altar of Yredelemnul.
   999 | D:2      | Became a worshipper of Yredelemnul the Dark
  1033 | D:2      | Reached XP level 3. HP: 26/27 MP: 7/7
  1899 | D:2      | Learned a level 2 spell: Song of Slaying
  1903 | D:2      | Learned a level 3 spell: Spectral Weapon
  2322 | D:1      | Reached XP level 4. HP: 29/34 MP: 2/8
  3193 | D:3      | Reached skill level 1 in Hexes
  3568 | D:3      | Learned a level 2 spell: Shroud of Golubria
  3880 | D:4      | Reached * piety under Yredelemnul
  3880 | D:4      | Reached XP level 5. HP: 31/39 MP: 7/9
  4089 | D:4      | Noticed Duvessa
  4109 | D:4      | Killed Duvessa
  4109 | D:4      | Reached skill level 3 in Polearms
  4128 | D:4      | Noticed Dowan
  4388 | D:4      | Found a staircase to the Ecumenical Temple.
  4388 | D:4      | Noticed an ogre
  4449 | D:4      | Found a blossoming altar of Fedhas.
  4451 | D:4      | Found an ancient bone altar of Kikubaaqudgha.
  4771 | D:5      | Entered Level 5 of the Dungeon
  4871 | D:4      | Reached XP level 6. HP: 38/46 MP: 7/10
  5297 | D:3      | HP: 1/46 [ogre/+0 giant club (12)]
  6149 | D:4      | Noticed Sigmund
  6178 | D:5      | Found a shadowy altar of Dithmenos.
  6383 | D:5      | Reached XP level 7. HP: 24/52 MP: 7/11
  6907 | D:5      | Reached skill level 4 in Polearms
  7093 | D:4      | Killed Sigmund
  7433 | D:4      | Killed Dowan
  7433 | D:4      | Reached XP level 8. HP: 49/60 MP: 9/12
  7496 | D:4      | Found a hide-covered altar of Uskayaw.
  7552 | D:4      | Found a sacrificial altar of Ru.
  8442 | D:5      | Identified the +3 tower shield of the Original Sin {rPois
                  | rF- Str+3 Int+6}
  8856 | D:6      | Reached skill level 5 in Polearms
  8973 | D:6      | HP: 1/60 [orc wizard/magic dart (4)]
  9389 | D:6      | Found Zeluh's Food Shop.
  9392 | D:6      | Found a hazy altar of Hepliaklqana.
 10452 | D:7      | Noticed a hippogriff
 10463 | D:7      | Killed a hippogriff
 10463 | D:7      | Reached ** piety under Yredelemnul
 10628 | D:7      | Reached XP level 9. HP: 55/67 MP: 8/13
 11227 | D:7      | Found a shimmering altar of Xom.
 11290 | D:7      | Reached skill level 5 in Fighting
 11419 | D:7      | Reached skill level 6 in Polearms
 11991 | D:7      | Found a runed translucent gate.
 11995 | D:7      | Found a runed translucent gate.
 11996 | D:7      | Found a runed translucent gate.
 11997 | D:7      | Noticed r0y's ghost (novice HOFi)
 11998 | D:7      | Noticed triki's ghost (novice CeAM)
 12186 | D:8      | Noticed Maggie
 13386 | D:9      | Found a flagged portal.
 13449 | Bailey   | Entered a bailey
 19642 | Bailey   | Reached skill level 5 in Dodging
 19922 | Bailey   | Mangled by an orc warrior

Illustrated notes

Levels and vault maps discovered:
D:1:      tarquinn_simple_flora_water_a, layout_loops_ring, chequers_jeans,
          minmay_tetromino_o4
D:2:      layout_rooms, yredelemnul_altar_generic, first_ration, serial_curves,
          eino_curves_03, eino_curves_04, grunt_ministairs_12, minmay_between
D:3:      layout_rooms
D:4:      layout_layer_cave, kiku_gazebo_pond_becter,
          nicolae_ru_sacrificial_ziggurat, eat_drink_and_be_merry_uskayaw,
          lemuel_crystal_altar, minmay_temple_entry_crystal_x, uniq_duvessa,
          uniq_sigmund
D:5:      layout_rooms, grunt_dithmenos_smoke, kennysheep_generic_room_10
D:6:      layout_gridville, old_standard_altar, serial_rivers,
          chequers_serial_rivers_micro_c, chequers_serial_rivers_room_a,
          chequers_serial_rivers_room_b, chequers_serial_rivers_room_b,
          chequers_serial_rivers_room_b, chequers_serial_rivers_micro_a,
          serial_shops, shop
D:7:      layout_gridville, lemuel_doored_altar, gammafunk_ghost_cemetery
D:8:      layout_basic, elyvilon_altar_3, grunt_livestock, dk_noncrumbling_3,
          uniq_maggie
D:9:      layout_loops_ring, old_standard_altar, nicolae_ashenzari_panopticon,
          overflow_temple_1_default, enter_bailey_7,
          chequers_serial_rivers_room_a
Bailey:   bailey_polearm_2, bailey

Skill      XL: |  1  2  3  4  5  6  7  8  9 |
---------------+----------------------------+-----
Armour         | 1 2 3 4 |  4.5
Polearms       | 2 3 4 5 6 |  6.8
Spellcasting   | 3 |  3.1
Dodging        | 2 3 4 5 |  5.0
Hexes          | 1 2 3 4 |  4.0
Fighting       | 3 4 5 |  5.8
Charms         | 3 4 |  4.2
Invocations    | |  0.4

Action                   |  1- 3 |  4- 6 |  7- 9 || total
-------------------------+-------+-------+-------++-------
Melee: Spear             |   206 |   313 |   537 ||  1056
       Trident           |       |       |    14 ||    14
Throw: Dart              |       |    15 |     9 ||    24
 Cast: Infusion          |     7 |    10 |     3 ||    20
       Shroud of Golubri |       |     1 |     3 ||     4
       Spectral Weapon   |       |     6 |    50 ||    56
Invok: Animate Remains   |       |     2 |    35 ||    37
Evoke: Wand              |       |     6 |     2 ||     8
       Phial of floods   |       |       |     1 ||     1
  Use: Scroll            |       |       |     8 ||     8
 Stab: Distracted        |       |     1 |    10 ||    11
       Sleeping          |       |       |     2 ||     2
Armor: Leather armour    |    45 |    71 |    79 ||   195
       Ring mail         |       |       |    36 ||    36
Dodge: Dodged            |   107 |   191 |   310 ||   608
